 Dungeon Crawl Stone Soup version 0.25-a0-36-g303dd5b1f4 (webtiles) character file.

Game seed: 7860754734905465722, levelgen mode: deterministic

1815 Alarkh the Grappler (level 8, 58/58 HPs)
             Began as a Demonspawn Fighter on Oct 18, 2019.
             Got out of the dungeon alive.
             The game lasted 00:11:03 (5968 turns).

Alarkh the Grappler (Demonspawn Fighter)            Turns: 5968, Time: 00:11:03

Health: 58/58      AC: 11    Str: 16    XL:     8   Next: 85%
Magic:  8/8        EV:  8    Int: 11    God:
Gold:   290        SH:  9    Dex: 14    Spells: 7/7 levels left

rFire    . . .     SeeInvis .   a - +0 long sword
rCold    + . .     Gourm    .   c - +0 shield
rNeg     . . .     Faith    .   C - +2 leather armour {rPois}
rPois    +         Spirit   .   n - +0 helmet
rElec    .         Reflect  .   m - +0 cloak
rCorr    .         Harm     .   u - +0 pair of gloves
MR       .....                  (no boots)
Stlth    ++........             (no amulet)
HPRegen  0.19/turn              p - ring of protection from cold
MPRegen  0.11/turn              B - ring of stealth

@: starving
A: claws 1, icy blue scales 2, powered by death 2
a: no special abilities


You escaped.
You were starving.

You visited 2 branches of the dungeon, and saw 8 of its levels.

You collected 290 gold pieces.

Inventory:

Hand Weapons
 a - a +0 long sword (weapon)
 s - a +0 scimitar
 E - the +8 great sword "Dukiuj" {antimagic, +Blink rElec rN++ MR-}
   (You found it on level 7 of the Dungeon)

   It reduces the magical energy of the wielder, and disrupts the spells and
   magical abilities of those hit.
   Natural abilities and divine invocations are not affected.
   It insulates you from electricity.
   It greatly protects you from negative energy.
   It affects your resistance to hostile enchantments.
   It lets you blink.
Armour
 b - a +0 scale mail
 c - a +0 shield (worn)
 m - a +0 cloak (worn)
 n - a +0 helmet (worn)
 u - a +0 pair of gloves (worn)
 C - a +2 leather armour of poison resistance (worn)
Jewellery
 p - a ring of protection from cold (left hand)
 B - a ring of stealth (right hand)
Wands
 v - a wand of flame (15)
 z - a wand of paralysis (18)
 D - a wand of polymorph (6)
Scrolls
 e - 3 scrolls of enchant weapon {unknown}
 h - 4 scrolls of remove curse
 i - 2 scrolls of fog {unknown}
 k - 4 scrolls of teleportation {unknown}
 l - 3 scrolls of magic mapping
 r - a scroll of identify
 x - 2 scrolls of immolation
 y - a scroll of random uselessness
 A - a scroll of vulnerability
Potions
 d - 2 potions of flight
 g - 2 potions of invisibility
 j - 2 potions of curing
 o - a potion of lignification
 q - 5 potions of haste
 t - a potion of magic
 w - 2 potions of might
Comestibles
 f - 10 rations


   Skills:
 - Level 3.3 Fighting
 - Level 6.0 Long Blades
 - Level 3.0 Armour
 - Level 2.9 Shields
 + Level 8.4 Unarmed Combat


You had 7 spell levels left.
You didn't know any spells.
Your spell library was empty.

Dungeon Overview and Level Annotations

Branches:
Dungeon (7/15)             Temple (1/1) D:7

Altars:
Ashenzari
Cheibriados
Dithmenos
Elyvilon
Fedhas
Gozag
Hepliaklqana
Kikubaaqudgha
Makhleb
Nemelex Xobeh
Okawaru
Qazlal
Ru
Sif Muna
Trog
Vehumet
Wu Jian
Xom
Yredelemnul
Zin
The Shining One

Annotations:
D:5 3 runed translucent doors, Voker57's ghost, novice DsMo


Innate Abilities, Weirdness & Mutations

You have sharp fingernails.
You are mostly covered in icy blue scales. (AC +3)
You regenerate health from kills.


Message History

You climb upwards.
Level annotation: 3 runed translucent doors, Voker57's ghost, novice DsMo
There is a stone staircase leading down here.
There is a stone staircase leading up here.
You climb upwards.
There is a stone staircase leading down here.
There is a stone staircase leading up here.
You climb upwards.
There is a stone staircase leading down here.
You see here 18 stones.
There is a stone staircase leading up here.
You climb upwards.
There is a stone staircase leading down here.
There is a stone staircase leading up here.
You climb upwards.
There is a stone staircase leading down here.
You see here 19 sling bullets.
There is a staircase leading out of the dungeon here.
Are you sure you want to leave the Dungeon?
This will make you lose the game!
You have escaped!

#.......# #.#
#.#####.# #.# #.#
#'### ###'# #.#
#.#.#♣♣♣♣♣#.#.# #.#
#.............# #.#
#..♣..♣(♣..♣..# #.#
#≈#♣♣..≈..♣♣#≈# #.#
#≈#P♣.≈≈≈.♣P#≈# #.#
#≈#@..≈8≈..>#≈# #.#
#≈#P♣.≈≈≈.♣P#≈# #.#
#≈#♣♣..≈..♣♣#≈######
#.#
#..♣..♣.♣..♣..#.....
#.#
#.............#.####
#.#
#.#.#♣♣♣♣♣#.#.#.#
#.# #'### ###'#.#
#.# ##.# #...# #.#
#..# #####


There were no monsters in sight!

Vanquished Creatures
  Edmund (D:6)
  An ice beast (D:6)
  3 sky beasts
  2 phantoms
  3 centaurs
  2 bullfrogs
  A water moccasin zombie (D:7)
  A howler monkey (D:6)
  A crimson imp (D:7)
  A centaur zombie (D:7)
  2 hounds
  2 jellies (D:5)
  An orc priest (D:3)
  A centaur skeleton (D:4)
  2 orc wizards
  2 iguanas
  Ijyb (D:5)
  Terence (D:3)
  2 worker ants
  3 hound skeletons
  A worker ant zombie (D:5)
  7 adders
  A shadow imp (D:5)
  An adder skeleton (D:5)
  An adder zombie (D:5)
  2 worms
  3 leopard geckos
  13 orcs
  9 bats
  2 giant cockroaches
  9 goblins
  9 hobgoblins
  7 jackals
  9 kobolds
  4 quokkas
  6 frilled lizards
  11 rats
128 creatures vanquished.

Notes
Turn   | Place    | Note
-------+----------+-------------------------------------------
     0 | D:1      | Alarkh the Demonspawn Fighter began the quest for the Orb.
     0 | D:1      | Reached XP level 1. HP: 18/18 MP: 1/1
    78 | D:1      | Gained mutation: You regenerate a little health from kills.
                  | [demonic ancestry]
    78 | D:1      | Reached XP level 2. HP: 6/24 MP: 2/2
   832 | D:2      | Reached XP level 3. HP: 28/29 MP: 3/3
   852 | D:2      | Found a glowing golden altar of the Shining One.
  1475 | D:2      | Found a shimmering blue altar of Sif Muna.
  1530 | D:3      | Gained mutation: You regenerate health from kills. [demonic
                  | ancestry]
  1530 | D:3      | Reached XP level 4. HP: 28/35 MP: 4/4
  1656 | D:3      | Gained mutation: You are partially covered in icy blue
                  | scales. (AC +2) [demonic ancestry]
  1656 | D:3      | Reached XP level 5. HP: 37/41 MP: 5/5
  1658 | D:3      | Noticed Terence
  1670 | D:3      | Killed Terence
  2471 | D:4      | Reached skill level 5 in Long Blades
  2561 | D:4      | Noticed a phantom
  2631 | D:4      | Killed a phantom
  2631 | D:4      | Gained mutation: You have sharp fingernails. [demonic
                  | ancestry]
  2631 | D:4      | Reached XP level 6. HP: 21/47 MP: 6/6
  3269 | D:5      | Entered Level 5 of the Dungeon
  3269 | D:5      | Found a runed translucent gate.
  3269 | D:5      | Found a runed translucent gate.
  3269 | D:5      | Found a runed translucent gate.
  3295 | D:5      | Reached skill level 1 in Unarmed Combat
  3365 | D:5      | Reached skill level 2 in Unarmed Combat
  3713 | D:5      | Reached skill level 3 in Unarmed Combat
  3713 | D:5      | Gained mutation: You are mostly covered in icy blue scales.
                  | (AC +3) [demonic ancestry]
  3713 | D:5      | Reached XP level 7. HP: 38/52 MP: 7/7
  3884 | D:5      | Noticed Voker57's ghost (novice DsMo)
  3926 | D:5      | Reached skill level 4 in Unarmed Combat
  4118 | D:5      | Noticed Ijyb
  4123 | D:5      | Killed Ijyb
  4211 | D:5      | Found a white marble altar of Elyvilon.
  4211 | D:5      | Found a shadowy altar of Dithmenos.
  4516 | D:6      | Reached skill level 5 in Unarmed Combat
  4604 | D:6      | Found a sacrificial altar of Ru.
  4718 | D:6      | Noticed Edmund
  4733 | D:6      | Reached XP level 8. HP: 47/58 MP: 8/8
  4748 | D:6      | Reached skill level 6 in Unarmed Combat
  4763 | D:6      | Killed Edmund
  4977 | D:6      | Found an ornate altar of the Wu Jian Council.
  5018 | D:6      | Reached skill level 7 in Unarmed Combat
  5209 | D:7      | Found a staircase to the Ecumenical Temple.
  5297 | Temple   | Entered the Ecumenical Temple
  5506 | D:7      | Found an opulent altar of Gozag.
  5739 | D:7      | Reached skill level 8 in Unarmed Combat
  5769 | D:7      | Got a fine great sword
  5775 | D:7      | Identified the +8 great sword "Dukiuj" {antimagic, +Blink
                  | rElec rN++ MR-} (You found it on level 7 of the Dungeon)
  5784 | D:7      | Upgraded the game from 0.25-a0-35-g747a2b3c0c to
                  | 0.25-a0-36-g303dd5b1f4
  5968 | D:$      | Got out of the dungeon alive.

Levels and vault maps discovered:
D:1:      tarquinn_simple_flora_water_b, layout_basic
D:2:      layout_loops_ring, nicolae_overflow_hidden_temple,
          lemuel_crystal_altar, minmay_tiny_reverse_x
D:3:      layout_basic, first_ration, uniq_terence
D:4:      layout_basic, chequers_garden, mrwooster_statue_mirror
D:5:      layout_loops_ring, gammafunk_temple_overflow_elements,
          gammafunk_ghost_icy, uniq_ijyb
D:6:      layout_rooms, lemuel_doored_altar, hangedman_ru_absence, uniq_edmund
D:7:      minmay_octagon_keep, layout_basic, grunt_gozag_statues,
          dancing_weapons_uskayaw, minmay_temple_entry_purple_smoke,
          serial_shops, shop, grunt_livestock, nicolae_qazlal_eye_of_the_storm
Temple:   eino_narrow_crystal_temple

Skill      XL: |  1  2  3  4  5  6  7  8 |
---------------+-------------------------+-----
Armour         | 3 |  3.0
Long Blades    | 2 3 4 5 6 |  6.0
Unarmed Combat | 3 5 8 |  8.4
Fighting       | |  3.3
Shields        | |  2.9

Action                   |  1- 3 |  4- 6 |  7- 9 || total
-------------------------+-------+-------+-------++-------
Melee: Long sword        |   151 |   343 |    40 ||   534
       Scimitar          |       |       |   190 ||   190
  Use: Potion            |     1 |     3 |       ||     4
       Scroll            |       |     5 |     6 ||    11
 Stab: Invisible         |       |     1 |       ||     1
  Eat: Chunk             |     2 |     6 |     4 ||    12
       Ration            |       |     1 |       ||     1
Armor: Scale mail        |    87 |   149 |    51 ||   287
       Skin              |       |    76 |       ||    76
       Leather armour    |       |       |    67 ||    67
Dodge: Dodged            |    27 |    80 |    66 ||   173
Block: Shield            |    89 |   160 |    76 ||   325
       Rpst.: Long sword |    11 |    24 |     5 ||    40
       Scimitar          |       |       |    17 ||    17

Table legend:
 A = Non-vault XP
 B = Vault XP
 C = Vault XP percentage of total XP
 D = Non-vault monster count
 E = Vault monster count
 F = Vault count percentage of total count
                 A         B        C        D         E       F
            +---------+---------+-------+---------+---------+-------
      Total |    1860 |     734 |  28.3 |     115 |      13 |  10.2
            +---------+---------+-------+---------+---------+-------
        D:1 |      39 |       0 |   0.0 |      26 |       0 |   0.0
        D:2 |      29 |       3 |   9.4 |      15 |       2 |  11.8
        D:3 |     171 |      36 |  17.4 |      28 |       1 |   3.4
        D:4 |     307 |       0 |   0.0 |      17 |       0 |   0.0
        D:5 |     524 |      36 |   6.4 |      12 |       1 |   7.7
        D:6 |     656 |     157 |  19.3 |      15 |       1 |   6.2
        D:7 |     134 |     502 |  78.9 |       2 |       8 |  80.0
            +---------+---------+-------+---------+---------+-------
